 Dungeon Crawl Stone Soup version 0.20.1-1-g8b1a95d (webtiles) character file.

2515 Spero the Grappler (level 9, -5/86 HPs)
             Began as a Troll Monk on Oct 31, 2017.
             Was an Elder of Trog.
             Slain by an ice beast (13 damage)
             ... on level 7 of the Dungeon.
             The game lasted 00:45:13 (6117 turns).

Spero the Grappler (Troll Monk)                     Turns: 6117, Time: 00:45:17

Health: -5/86      AC:  7    Str: 24    XL:     9   Next: 29%
Magic:  8/8        EV: 12    Int:  6    God:    Trog [****..]
Gold:   145        SH:  2    Dex: 12    Spells: 8/8 levels left

rFire    . . .     SeeInvis .     - Unarmed
rCold    . . .     Gourm    +   (no shield)
rNeg     + . .     Faith    .   F - +0 robe
rPois    .         Spirit   .   (helmet restricted)
rElec    .         Reflect  +   n - +0 cloak
rCorr    .         Harm     .   (gloves unavailable)
MR       .....                  (boots unavailable)
Stlth    ++........             y - +2 amulet of reflection
Regen    0.7/turn               w - ring of positive energy
MPRegen  0.2/turn               (no ring)

@: no status effects
A: unfitting armour, claws 3, rugged brown scales 1, deterioration 1, fast
metabolism 3, gourmand, regeneration 1, shaggy fur 1, tough skin 2
a: Berserk, Trog's Hand, Brothers in Arms, Burn Spellbooks, Renounce Religion


You were on level 7 of the Dungeon.
You worshipped Trog.
Trog was greatly pleased with you.
You were full.

You visited 2 branches of the dungeon, and saw 8 of its levels.

You collected 340 gold pieces.
You spent 195 gold pieces at shops.

Inventory:

Hand Weapons
 d - a +3 short sword
 h - a +0 flail of crushing
 o - a +0 short sword
 p - a +0 giant club
 z - a +2 quarterstaff of chaos
Missiles
 c - 96 stones (quivered)
 r - 13 poisoned needles
 u - 29 bolts
 G - 3 large rocks
 J - 21 sling bullets
Armour
 a - a +0 robe
 b - a +0 robe
 e - a +0 ring mail
 i - a +1 chain mail of fire resistance
 n - a +0 cloak (worn)
 t - a +0 ring mail of positive energy
 A - a +0 pair of gloves
 F - a +0 robe (worn)
Magical Staves
 B - an uncursed staff of power {unknown}
Jewellery
 q - an uncursed amulet of the gourmand
 w - a ring of positive energy (left claw)
 y - a +2 amulet of reflection (around neck)
 H - a cursed ring of teleportation
Scrolls
 l - a scroll of recharging
 m - 2 scrolls of remove curse
 s - a scroll of teleportation
Potions
 f - 4 potions of curing
 j - a potion of haste
 k - a potion of degeneration {unknown}
 C - a potion of berserk rage {unknown}
 D - a potion of heal wounds
 E - a potion of invisibility
Comestibles
 g - 5 fruits
 v - 3 royal jellies


   Skills:
 + Level 4.2 Fighting
 + Level 6.2 Dodging
 + Level 2.6 Stealth
 + Level 9.3 Unarmed Combat


You had 8 spell levels left.
You didn't know any spells.

Dungeon Overview and Level Annotations

Branches:
Dungeon (7/15)             Temple (1/1) D:7

Altars:
Ashenzari
Cheibriados
Dithmenos
Elyvilon
Fedhas
Gozag
Hepliaklqana
Kikubaaqudgha
Makhleb
Nemelex Xobeh
Okawaru
Qazlal
Ru
Sif Muna
Trog
Uskayaw
Vehumet
Xom
Yredelemnul
Zin
The Shining One

Shops:
D:4 !


Innate Abilities, Weirdness & Mutations

You are too large for most types of armour.
You have claws for hands.
Your metabolism is lightning-fast.
You like to eat raw meat.
Your natural rate of healing is unusually fast.
You are covered in fur. (AC +1)
You have very tough skin. (AC +2)
You are partially covered in rugged brown scales. (AC +1, +3% HP)
Your body sometimes deteriorates upon taking damage.


Message History

The ice beast is lightly wounded.
You scratch the ice beast.
The ice beast is moderately wounded.
The ice beast hits you but does no damage.
The ogre hits you with a giant club!!
You claw the ice beast!
The ice beast is severely wounded.
The ice beast closely misses you. The ogre closely misses you.
You closely miss the ice beast.
The ice beast is severely wounded.
The ice beast hits you but does no damage.
A ball python comes into view.
You scratch the ice beast but do no damage.
The ice beast is heavily wounded.
The ogre hits you with a giant club!!
* * * LOW HITPOINT WARNING * * *
The ice beast hits you.
* * * LOW HITPOINT WARNING * * *
The ice beast freezes you!
You die...

#.####.. .....#.#
#.##.#!# ##.##.#..
.# .......# .# #
#S##.#.# .#
#.##O##.#.## .#
#.Y@.......# .#
#####.###...### .#
..............##.#
#####...........<#
###'###...####
#.....#.###
###.#'#.#.#
#.'.#>#.+..
#.#.###.###


You could see an ice beast, an ogre and a ball python.

Vanquished Creatures
  A hippogriff (D:7)
  Edmund (D:4)
  Menkaure (D:5)
  A water moccasin (D:6)
  2 sky beasts (D:5)
  A necrophage (D:6)
  2 phantoms
  2 ogres
  A centaur (D:6)
  A bullfrog (D:7)
  3 scorpions
  2 crimson imps
  A jelly (D:6)
  Crazy Yiuf (D:5)
  2 hounds
  4 orc priests
  A gnoll shaman (D:5)
  7 orc wizards
  Natasha (thrice) (D:4)
  2 iguanas
  3 worker ants
  A hound skeleton (D:4)
  A worker ant zombie (D:5)
  8 adders
  11 gnolls
  3 oozes
  7 worms
  3 dart slugs (D:1)
  5 leopard geckos
  19 orcs
  A ball python (D:6)
  5 bats
  5 giant cockroaches
  3 goblins
  6 hobgoblins
  8 jackals
  7 kobolds
  4 quokkas
  6 frilled lizards
  A quokka skeleton (D:6)
  5 rats
151 creatures vanquished.

Notes
Turn   | Place    | Note
-------+----------+-------------------------------------------
     0 | D:1      | Spero the Troll Monk began the quest for the Orb.
     0 | D:1      | Reached XP level 1. HP: 22/22 MP: 0/0
   143 | D:1      | Reached XP level 2. HP: 29/29 MP: 1/1
   952 | D:2      | Reached XP level 3. HP: 36/36 MP: 2/2
  1537 | D:2      | Found a bloodstained altar of Trog.
  1542 | D:2      | Became a worshipper of Trog the Wrathful
  1542 | D:2      | Reached * piety under Trog
  1542 | D:2      | Reached ** piety under Trog
  1661 | D:2      | Reached skill level 4 in Unarmed Combat
  1661 | D:2      | Reached XP level 4. HP: 41/44 MP: 3/3
  1840 | D:3      | Found a glowing silver altar of Zin.
  1840 | D:3      | Found an opulent altar of Gozag.
  1840 | D:3      | Found an iron altar of Okawaru.
  1840 | D:3      | Found a radiant altar of Vehumet.
  1843 | D:3      | Found a deep blue altar of Sif Muna.
  1844 | D:3      | Found a snail-covered altar of Cheibriados.
  1846 | D:3      | Found a burning altar of Makhleb.
  2279 | D:3      | Found a sacrificial altar of Ru.
  2422 | D:3      | Reached XP level 5. HP: 46/50 MP: 4/4
  2498 | D:3      | Found a blossoming altar of Fedhas.
  2645 | D:4      | Noticed Edmund
  2680 | D:4      | Killed Edmund
  2680 | D:4      | Reached skill level 5 in Unarmed Combat
  2680 | D:4      | Reached XP level 6. HP: 24/59 MP: 5/5
  2879 | D:4      | Reached *** piety under Trog
  3142 | D:4      | Reached skill level 6 in Unarmed Combat
  3142 | D:4      | Reached XP level 7. HP: 64/67 MP: 6/6
  3194 | D:4      | Found Musiycsi's Distillery.
  3229 | D:4      | Noticed Natasha
  3231 | D:4      | Bought a potion of heal wounds for 65 gold pieces
  3231 | D:4      | Bought a potion of heal wounds for 65 gold pieces
  3231 | D:4      | Bought a potion of heal wounds for 65 gold pieces
  3240 | D:4      | Killed Natasha
  3281 | D:4      | Noticed Natasha
  3316 | D:4      | Killed Natasha
  3431 | D:4      | Noticed Natasha
  3441 | D:4      | Killed Natasha
  3450 | D:5      | Entered Level 5 of the Dungeon
  3461 | D:5      | Reached skill level 7 in Unarmed Combat
  3467 | D:5      | Gained mutation: You are partially covered in rugged brown scales. (AC +1, +3% HP) [mutagenic meat]
  3559 | D:5      | Reached XP level 8. HP: 75/77 MP: 7/7
  3604 | D:5      | Gained mutation: Your body sometimes deteriorates upon taking damage. [mutagenic meat]
  3777 | D:5      | Reached skill level 5 in Dodging
  3781 | D:5      | Reached **** piety under Trog
  3992 | D:5      | Noticed Menkaure
  4002 | D:5      | Killed Menkaure
  4124 | D:5      | Reached skill level 8 in Unarmed Combat
  4396 | D:5      | Found a runed door.
  4400 | D:5      | Noticed Crazy Yiuf
  4407 | D:5      | Killed Crazy Yiuf
  4586 | D:6      | HP: 4/80 [orc/trident (6)]
  5412 | D:6      | Reached XP level 9. HP: 65/86 MP: 8/8
  5773 | D:7      | Found a glowing golden altar of the Shining One.
  5812 | D:7      | Reached skill level 9 in Unarmed Combat
  5891 | D:7      | Found a staircase to the Ecumenical Temple.
  5904 | Temple   | Entered the Ecumenical Temple
  6117 | D:7      | Slain by an ice beast

Skill      XL: |  1  2  3  4  5  6  7  8  9 |
---------------+----------------------------+-----
Unarmed Combat | 4 5 6 7 8 9 |  9.3
Dodging        | 3 4 5 6 |  6.2
Fighting       | 3 4 |  4.2
Stealth        | 2 |  2.6

Action                   |  1- 3 |  4- 6 |  7- 9 || total
-------------------------+-------+-------+-------++-------
Melee: Unarmed           |    71 |   157 |   251 ||   479
       Punch             |       |     2 |    10 ||    12
Invok: Burn Spellbooks   |       |     1 |       ||     1
  Use: Scroll            |     5 |     7 |     9 ||    21
       Potion            |       |     7 |     7 ||    14
 Stab: Sleeping          |     3 |     2 |     3 ||     8
  Eat: Chunk             |    12 |     3 |     5 ||    20
       Bread ration      |       |     2 |     3 ||     5
       Fruit             |       |     2 |     1 ||     3
       Meat ration       |       |       |     3 ||     3
Armor: Robe              |    22 |    58 |    96 ||   176
       Skin              |       |     1 |       ||     1
Dodge: Dodged            |    48 |   119 |   206 ||   373
Block: Other             |       |       |     7 ||     7
